 Dungeon Crawl Stone Soup version 0.19.1 (webtiles) character file.

226270 Peloso the Hoplite (level 20, -5/142 HPs)
             Began as a Halfling Fighter on Nov 25, 2016.
             Was the Champion of Okawaru.
             Killed from afar by a deep elf annihilator (18 damage)
             ... with a bolt of lightning
             ... on level 3 of the Elven Halls on Nov 26, 2016.
             The game lasted 02:36:48 (38162 turns).

Peloso the Hoplite (Halfling Fighter)              Turns: 38162, Time: 02:36:55

Health: -5/142     AC: 33    Str: 30    XL:     20   Next: 12%
Magic:  22/22      EV: 15    Int:  6    God:    Okawaru [******]
Gold:   2319       SH: 21    Dex: 21    Spells: 0 memorised, 19 levels left

rFire  + . .     SeeInvis +     C - +11 falchion "Hiecext" {protect, *Slow rC- MR+++ SInv}
rCold  . . .     Gourm    .     h - +8 plate armour of Fortification {Stlth+}
rNeg   . . .     Faith    +     x - +2 shield of Resistance {rF+ rC+ MR+}
rPois  +         Spirit   .     O - +2 hat of Vigajeiwn {rPois}
rElec  .         Reflect  .     P - +0 cloak {rPois}
rCorr  .         Harm     .     T - +2 pair of gloves {Str+3}
MR     +++++                    t - +0 pair of boots of Spin the Turtle {Regen+ Dex+4}
Stlth  ..........               G - amulet of faith
                                n - +4 ring of slaying
                                w - +4 ring of strength

@: no status effects
A: mutation resistance 1
a: Heroism, Finesse, Renounce Religion
}: 1/15 runes: gossamer


You were on level 3 of the Elven Halls.
You worshipped Okawaru.
Okawaru was exalted by your worship.
You were very hungry.

You visited 5 branches of the dungeon, and saw 30 of its levels.
You also visited: Bailey, Ice Cave and Volcano.

You collected 3264 gold pieces.
You spent 945 gold pieces at shops.

Inventory:

Hand Weapons
 a - the +7 falchion of Vanity {elec, rElec}
   (You found it in a bailey)

   Occasionally, upon striking a foe, it will discharge some electrical energy
   and cause terrible harm.
   It insulates you from electricity.
 C - the +11 falchion "Hiecext" (weapon) {protect, *Slow rC- MR+++ SInv}
   (Okawaru gifted it to you on level 13 of the Dungeon)

   It protects the one who uses it against injury (+AC on strike).
   It makes you vulnerable to cold.
   It affects your resistance to hostile enchantments.
   It lets you see invisible.
   It may slow you when you take damage.
 F - the +6 long sword of Propriety {pain, rF++ Int+3}
   (Okawaru gifted it to you on level 1 of the Elven Halls)

   In the hands of one skilled in necromantic magic, it inflicts extra damage on
   living creatures.
   It affects your intelligence (+3).
   It greatly protects you from fire.
 H - a +2 scimitar of flaming
Armour
 e - a +0 cloak of magic resistance
 h - the +8 plate armour of Fortification (worn) {Stlth+}
   (You bought it in a shop on level 2 of the Orcish Mines)

   It makes you more stealthy.
 t - the +0 pair of boots of Spin the Turtle (worn) {Regen+ Dex+4}
   (You acquired it on level 14 of the Dungeon)

   It affects your dexterity (+4).
   It increases your rate of regeneration.
 x - the +2 shield of Resistance (worn) {rF+ rC+ MR+}
   (You acquired it on level 8 of the Dungeon)

   It protects you from fire.
   It protects you from cold.
   It affects your resistance to hostile enchantments.
 O - the +2 hat of Vigajeiwn (worn) {rPois}
   (Okawaru gifted it to you on level 1 of the Elven Halls)

   It protects you from poison.
 P - a +0 cloak of poison resistance (worn)
 T - a +2 pair of gloves of strength (worn)
 Y - a +2 hat of magic resistance
Jewellery
 c - an uncursed ring of protection from fire
 n - a +4 ring of slaying (right hand)
 w - a +4 ring of strength (left hand)
 D - a +4 amulet of reflection
 E - an uncursed ring of protection from cold
 G - an amulet of faith (around neck)
 V - an uncursed ring of flight
Wands
 y - a wand of disintegration (9/24)
 K - a wand of digging (13/24)
Scrolls
 b - a scroll of enchant weapon
 k - 4 scrolls of identify
 l - 9 scrolls of teleportation
 r - a scroll of blinking
 s - 4 scrolls of recharging
 z - 5 scrolls of magic mapping
 M - 6 scrolls of remove curse
 N - 2 scrolls of silence
 Q - a scroll of summoning
 R - 3 scrolls of fear
Potions
 d - 6 potions of might
 g - 3 potions of flight
 m - 3 potions of invisibility
 o - 9 potions of curing
 p - 3 potions of resistance
 q - 7 potions of haste
 A - 2 potions of berserk rage
 L - a potion of magic
 Z - 3 potions of agility
Books
 J - a book of Transfigurations

   Spells                             Type                      Level
   a - Irradiate                      Conjuration/Transmutation    5
   b - Statue Form                    Transmutation/Earth          6
   c - Hydra Form                     Transmutation                6
   d - Dragon Form                    Transmutation                7
 S - the Grimoire of Creative Attacks
   (You found it on level 1 of the Elven Halls)

   Spells                             Type                      Level
   a - Mephitic Cloud                 Conjuration/Poison/Air       3
   b - Fulminant Prism                Conjuration/Hexes            4
   c - Iskenderun's Mystic Blast      Conjuration                  4
   d - Aura of Abjuration             Summoning                    5
Comestibles
 f - 18 bread rations
 i - 13 meat rations
 j - 8 beef jerkies
 u - 43 fruits


   Skills:
 + Level 13.6 Fighting
   Level 2.7(13.4) Short Blades
 + Level 16.8(16.9) Long Blades
   Level 0.5 Maces & Flails
 + Level 14.6 Armour
 + Level 5.4 Dodging
 + Level 2.6 Stealth
 + Level 21.6 Shields
 + Level 3.4 Invocations
 + Level 1.0 Evocations


You had 19 spell levels left.
You didn't know any spells.

Dungeon Overview and Level Annotations

Branches:
Dungeon (15/15)            Temple (0/1) D:7            Lair (6/6) D:11
  Swamp (0/4) Lair:3       Spider (4/4) Lair:4        Slime (0/5) Lair:6
    Orc (2/2) D:10            Elf (3/3) Orc:2        Vaults (0/5) D:14
 Depths (0/5) D:15

Altars:
Makhleb
Okawaru
Ru
Trog
Uskayaw
Vehumet
Zin
The Shining One
Jiyva

Shops:
D:10 (   D:12 }   D:14 }   Orc:2 !*%%[


Innate Abilities, Weirdness & Mutations

You are small and have problems with some larger weapons.
You are somewhat resistant to further mutation.


Message History

You feel like a meek peon again.
You block the short sword of speed's attack.
The short sword of speed hits you.
You block the short sword of speed's attack.
The deep elf mage gestures wildly while chanting.
The deep elf annihilator gestures at you while chanting.
The bolt of lightning hits the short sword of speed.
The short sword of speed completely resists.
The bolt of lightning misses you.
The deep elf annihilator is empowered by something's aura!
The short sword of speed hits you but does no damage.
Things that are here:
a long sword of holy wrath; a ring mail; 3 chunks of flesh The deep elf annihilator casts a spell at you.
The bolt of lightning hits the short sword of speed.
The short sword of speed completely resists.
The bolt of lightning hits you!
* * * LOW HITPOINT WARNING * * *
The bolt of lightning hits you!
You die...

*,,,,,,,,**#.Y.......,,,,,*
*,,,,,,,*###e..####..,,,..#
*.,,,,*,##.......##**,,...#
*..,**###...e.....###,*...#
*...###.........(...###...#
*.........................#
**.........................##
***,.........e.(..............##*
*,,,.........###@###............*
,,,,......e.##.)...##...........,
,,,,......###..)....###.........,
,,,,.....##...........##........,
,,,*.....*#...........##.e...#..,
,,**#.e.,*#.....[.....##....##*.,
,,,*.e..,*#.).......(.##.....#,,,
,,,,,,,,,*#....[...)..##.......,,
,,,,,,,,,*#.....(.....##.......,,


You could see 2 deep elf annihilators, a deep elf mage and a short sword of
speed.

Vanquished Creatures
  2 deep elf blademasters (Elf:3)
  Agnes (D:14)
  Gastronok (Lair:3)
  Roxanne (D:15)
  7 deep elf sorcerers
  4 ghost moths (Spider:4)
  2 emperor scorpions (Spider:4)
  The ghost of Kloppie the Warrior, a journeyman DrBe of Trog (D:15)
  An orc warlord (Orc:1)
  Aizul (Spider:3)
  A reaper (IceCv)
  An entropy weaver (Spider:4)
  7 deep elf annihilators
  4 deep elf demonologists
  A deep elf death mage (Elf:2)
  2 spark wasps (Spider:4)
  Snorg (D:14)
  The ghost of LustyBreadMan the Martial Artist, a journeyman DsTm of Gozag (Lair:2)
  Josephine (Lair:4)
  An ettin (Orc:2)
  The ghost of Iamburgie the Fighter, a journeyman MiFi of Okawaru (D:10)
  Harold (D:10)
  Fannar (Orc:1)
  2 vault guards (D:14)
  4 deep elf high priests
  2 ice dragons (D:15)
  3 hydras
  3 centaur warriors
  A merfolk avatar (Lair:6)
  An anaconda (shapeshifter) (D:14)
  Erolcha (D:9)
  29 dancing weapons
  13 death yaks
  2 tengu warriors
  4 orc high priests
  Sonja (Lair:1)
  12 deep elf knights
  An unseen horror (D:14)
  A hell knight (Volcano)
  9 hill giants
  4 wizards
  Pikel (D:4)
  16 deep elf archers
  7 orc knights
  2 necromancers (D:14)
  A lindwurm (Lair:6)
  3 harpies (Lair:6)
  11 orb spiders
  28 wolf spiders
  4 manticores
  39 deep elf magi
  4 ugly things
  8 orc sorcerers
  6 cyclopes
  A moth of wrath (Spider:4)
  Joseph (Lair:1)
  17 elephants
  3 black mambas
  2 ice statues (IceCv)
  2 torpor snails (Lair:5)
  11 spiny frogs
  4 kobold demonologists (D:11)
  4 rime drakes (Lair:6)
  11 demonic crawlers
  2 yaktaurs
  8 ice devils (IceCv)
  11 komodo dragons
  A harpy zombie (D:13)
  A tengu conjurer (D:15)
  5 polar bears (Lair:6)
  10 trolls
  6 meliai
  38 jumping spiders
  11 hornets
  12 blink frogs
  2 wind drakes (Lair:6)
  A hornet (shapeshifter) (D:11)
  7 two-headed ogres
  A raiju (shapeshifter) (Elf:1)
  9 slime creatures
  Prince Ribbit (D:6)
  A meliai zombie (D:15)
  8 hippogriffs
  3 air elementals
  A spriggan (D:7)
  30 tarantellas
  5 water elementals (Elf:2)
  7 wraiths
  A vampire (D:14)
  3 shadows
  19 humans (D:14)
  42 redbacks
  18 yaks
  5 wyverns
  5 large abominations (D:15)
  Eustachio (D:4)
  2 basilisks
  8 vampire mosquitoes
  4 mottled dragons
  2 fire elementals (Elf:1)
  2 hungry ghosts
  Edmund (D:5)
  2 soldier ants
  2 wargs (Orc:2)
  16 water moccasins
  2 hell hounds (Lair:4)
  10 porcupines
  Duvessa (D:5)
  2 sky beasts
  A hornet zombie (D:8)
  33 orc warriors
  3 ice beasts
  A necrophage (D:12)
  3 phantoms
  7 ogres
  2 eyes of draining
  9 centaurs
  7 small abominations (D:15)
  4 wolves (Lair:1)
  9 crocodiles
  2 big kobolds
  25 bullfrogs
  A gnoll sergeant (D:12)
  An earth elemental (Elf:2)
  A water moccasin zombie (D:12)
  6 scorpions
  Dowan (D:5)
  24 killer bees
  8 wights
  10 electric eels
  2 howler monkeys (D:10)
  4 centaur zombies
  5 crimson imps
  3 quasits
  10 orc priests
  A bullfrog skeleton (D:7)
  9 hounds
  6 jellies
  22 orc wizards
  5 centaur skeletons
  6 iguanas
  13 worker ants
  A bullfrog simulacrum (D:12)
  2 howler monkey skeletons (D:6)
  A worker ant zombie (D:10)
  13 adders
  15 gnolls
  3 shadow imps
  6 white imps (IceCv)
  6 ufetubi (IceCv)
  3 oozes
  An adder zombie (D:5)
  3 worms (D:2)
  A dart slug (D:1)
  4 leopard geckos
  97 orcs
  5 bats
  6 giant cockroaches
  16 goblins
  10 hobgoblins
  8 jackals
  5 quokkas
  3 frilled lizards
  17 kobolds
  A leopard gecko zombie (D:7)
  A quokka zombie (D:8)
  6 rats
  A butterfly (Lair:1)
1131 creatures vanquished.

Vanquished Creatures (others)
  A deep elf mage (Elf:1)
  An orc wizard (Elf:2)
  6 white imps (IceCv)
  3 ufetubi (IceCv)
  A goblin (Bailey)
  11 fungi
  4 plants
27 creatures vanquished.

Grand Total: 1158 creatures vanquished

Notes
Turn   | Place    | Note
-------+----------+-------------------------------------------
     0 | D:1      | Peloso the Halfling Fighter began the quest for the Orb.
     0 | D:1      | Reached XP level 1. HP: 15/15 MP: 1/1
   644 | D:1      | Reached XP level 2. HP: 20/20 MP: 2/2
   701 | D:1      | You fall through a shaft!
   883 | D:1      | Reached XP level 3. HP: 19/25 MP: 3/3
  1366 | D:2      | Found a burning altar of Makhleb.
  1366 | D:2      | Noticed a green death
  1369 | D:2      | Noticed a ynoxinul
  1369 | D:2      | Noticed a smoke demon
  1599 | D:2      | Reached XP level 4. HP: 31/31 MP: 4/4
  1861 | D:3      | Reached skill level 4 in Shields
  2261 | D:3      | Found a glowing golden altar of the Shining One.
  2519 | D:4      | Noticed a phantom
  2566 | D:4      | Killed a phantom
  2566 | D:4      | Reached skill level 1 in Short Blades
  2566 | D:4      | Reached XP level 5. HP: 20/36 MP: 5/5
  2680 | D:4      | Found a bloodstained altar of Trog.
  2692 | D:4      | Reached XP level 6. HP: 23/42 MP: 6/6
  3051 | D:4      | Noticed Eustachio
  3082 | D:4      | Killed Eustachio
  3082 | D:4      | Reached XP level 7. HP: 44/46 MP: 7/7
  3169 | D:4      | Reached skill level 5 in Armour
  3232 | D:4      | Noticed Pikel
  3247 | D:4      | Killed Pikel
  3247 | D:4      | Reached skill level 5 in Long Blades
  3247 | D:4      | Reached skill level 5 in Shields
  3247 | D:4      | Reached XP level 8. HP: 38/54 MP: 8/8
  3592 | D:5      | Entered Level 5 of the Dungeon
  3734 | D:5      | Noticed a dagger
  3749 | D:5      | Noticed a dagger
  3751 | D:5      | Found a hide-covered altar of Uskayaw.
  3982 | D:5      | Noticed Dowan
  4001 | D:5      | Killed Dowan
  4001 | D:5      | Reached skill level 6 in Shields
  4135 | D:5      | Noticed Duvessa
  4149 | D:5      | Killed Duvessa
  4149 | D:5      | Reached XP level 9. HP: 56/58 MP: 7/9
  4194 | D:5      | Found an iron altar of Okawaru.
  4211 | D:5      | Became a worshipper of Warmaster Okawaru
  4426 | D:5      | Noticed Edmund
  4438 | D:5      | Killed Edmund
  4825 | D:6      | Found a glowing silver altar of Zin.
  4909 | D:6      | Noticed Prince Ribbit
  4921 | D:6      | Killed Prince Ribbit
  4921 | D:6      | Reached * piety under Okawaru
  5403 | D:6      | Reached skill level 7 in Shields
  5444 | D:6      | HP: 3/60 [poisoned by a killer bee]
  5452 | D:6      | HP: 3/60 [poisoned by a killer bee]
  6214 | D:7      | Found a radiant altar of Vehumet.
  6267 | D:7      | Reached skill level 1 in Stealth
  6267 | D:7      | Reached XP level 10. HP: 61/65 MP: 10/10
  6389 | D:7      | Reached skill level 1 in Dodging
  6462 | D:7      | Reached skill level 5 in Fighting
  6618 | D:7      | Reached ** piety under Okawaru
  6811 | D:7      | Found a staircase to the Ecumenical Temple.
  7047 | D:8      | Found a flagged portal.
  7066 | Bailey   | Entered a bailey
  7080 | Bailey   | Noticed an orc knight
  7086 | Bailey   | Reached skill level 8 in Shields
  7118 | Bailey   | Killed an orc knight
  7392 | Bailey   | Noticed an orc sorcerer
  7399 | Bailey   | Killed an orc sorcerer
  7405 | Bailey   | Noticed an orc sorcerer
  7412 | Bailey   | Killed an orc sorcerer
  7412 | Bailey   | Reached *** piety under Okawaru
  7413 | Bailey   | Found an iron altar of Okawaru.
  7773 | Bailey   | Reached skill level 10 in Long Blades
  8000 | Bailey   | Got an encrusted falchion
  8001 | Bailey   | Identified the +7 falchion of Vanity {elec, rElec} (You found it in a bailey)
  8123 | Bailey   | Reached XP level 11. HP: 70/72 MP: 11/11
  8250 | Bailey   | Noticed an orc knight
  8263 | Bailey   | Killed an orc knight
  8263 | Bailey   | Reached skill level 9 in Shields
  8401 | Bailey   | Noticed an orc knight
  8409 | Bailey   | Killed an orc knight
  8409 | Bailey   | Reached **** piety under Okawaru
  9197 | D:8      | Reached skill level 1 in Invocations
  9757 | D:9      | Noticed a hill giant
  9769 | D:9      | Killed a hill giant
  9808 | D:9      | Reached ***** piety under Okawaru
 10030 | D:9      | Noticed Erolcha
 10046 | D:9      | Killed Erolcha
 10321 | D:9      | Found a sacrificial altar of Ru.
 10363 | D:10     | Entered Level 10 of the Dungeon
 10645 | D:10     | Received a gift from Okawaru
 10674 | D:10     | Noticed Iamburgie's ghost (journeyman MiFi)
 10691 | D:10     | Killed Iamburgie's ghost
 10691 | D:10     | Reached skill level 10 in Shields
 10691 | D:10     | Reached XP level 12. HP: 51/80 MP: 10/13
 10698 | D:10     | Found Uhulitu's Weapon Emporium.
 10698 | D:10     | Found a staircase to the Orcish Mines.
 10955 | D:10     | Noticed Harold
 10974 | D:10     | Killed Harold
 10974 | D:10     | Received a gift from Okawaru
 11548 | D:11     | Received a gift from Okawaru
 11560 | D:11     | Reached skill level 11 in Shields
 11903 | D:11     | Found a staircase to the Lair.
 12332 | Lair:1   | Entered Level 1 of the Lair of Beasts
 12412 | Lair:1   | Noticed Joseph
 12420 | Lair:1   | Killed Joseph
 12420 | Lair:1   | Received a gift from Okawaru
 12420 | Lair:1   | Reached XP level 13. HP: 57/86 MP: 14/14
 12423 | Lair:1   | Got a crude falchion {god gift}
 12424 | Lair:1   | Identified the +1 falchion "Otosh" {freeze, *Corrode Dex+7} (Okawaru gifted it to you on level 1 of the Lair of Beasts)
 12501 | Lair:1   | Reached skill level 10 in Armour
 12599 | Lair:1   | Noticed Sonja
 12734 | Lair:1   | Noticed a seven-headed hydra
 12790 | Lair:1   | Killed Sonja
 12968 | Lair:2   | Found a frozen archway.
 12979 | IceCv    | Entered an ice cave
 13103 | IceCv    | Received a gift from Okawaru
 13200 | IceCv    | Reached skill level 12 in Shields
 13621 | IceCv    | Noticed a reaper
 13627 | IceCv    | Killed a reaper
 13627 | IceCv    | Reached ****** piety under Okawaru
 14388 | Lair:2   | Received a gift from Okawaru
 14482 | Lair:2   | Noticed LustyBreadMan's ghost (journeyman DsTm)
 14502 | Lair:2   | Killed LustyBreadMan's ghost
 15130 | Lair:3   | Reached skill level 13 in Shields
 15371 | Lair:3   | Reached XP level 14. HP: 95/95 MP: 15/15
 15482 | Lair:3   | Found a staircase to the Swamp.
 15527 | Lair:3   | Noticed Gastronok
 15541 | Lair:3   | Killed Gastronok
 15863 | Lair:4   | Noticed Josephine
 15878 | Lair:4   | Killed Josephine
 16061 | Lair:4   | Received a gift from Okawaru
 16074 | Lair:4   | Found a dark tunnel.
 16080 | Volcano  | Entered a volcano
 16617 | Lair:4   | Reached skill level 14 in Shields
 16660 | Lair:4   | Found a hole to the Spider Nest.
 17576 | Lair:5   | Reached skill level 1 in Evocations
 17584 | Lair:5   | Received a gift from Okawaru
 18304 | Lair:6   | Entered Level 6 of the Lair of Beasts
 18931 | Lair:6   | Reached XP level 15. HP: 82/103 MP: 16/16
 19041 | Lair:6   | Received a gift from Okawaru
 19085 | Lair:6   | Got a slimy ring mail {god gift}
 19262 | Lair:6   | Reached skill level 15 in Shields
 19351 | Lair:6   | Reached skill level 10 in Fighting
 19710 | Lair:6   | Received a gift from Okawaru
 19716 | Lair:6   | Got a fine scale mail {god gift}
 20044 | Lair:6   | Found a staircase to the Slime Pits.
 20045 | Lair:6   | Found a viscous altar of Jiyva.
 20294 | Lair:6   | Got a translucent scimitar
 20298 | Lair:6   | Got a warped chain mail
 20356 | Lair:6   | Identified the cursed +0 scimitar of the Warrior-Mage {speed, SInv Stlth+} (You found it on level 6 of the Lair of Beasts)
 20367 | Lair:6   | Identified the +5 chain mail "Faumiogh" {Int+3} (You found it on level 6 of the Lair of Beasts)
 20387 | Lair:6   | Identified the +1 scale mail of Banlasan {-Tele +Inv rCorr} (Okawaru gifted it to you on level 6 of the Lair of Beasts)
 20997 | D:12     | Found Yfup's Gadget Emporium.
 21560 | D:12     | Reached skill level 16 in Shields
 22521 | D:13     | Received a gift from Okawaru
 22526 | D:13     | Got a fine falchion {god gift}
 22527 | D:13     | Identified the +11 falchion "Hiecext" {protect, *Slow rC- MR+++ SInv} (Okawaru gifted it to you on level 13 of the Dungeon)
 22638 | D:13     | Reached XP level 16. HP: 100/111 MP: 17/17
 22676 | D:13     | Reached skill level 15 in Long Blades
 23006 | D:14     | Found Kaowam's Gadget Shop.
 23052 | D:14     | Noticed Agnes
 23074 | D:14     | Killed Agnes
 23849 | D:14     | Received a gift from Okawaru
 23890 | D:14     | Found a gate to the Vaults.
 24202 | D:14     | Noticed Snorg
 24230 | D:14     | Killed Snorg
 24242 | D:14     | Got a pair of translucent boots
 24253 | D:14     | Identified the +0 pair of boots of Spin the Turtle {Regen+ Dex+4} (You acquired it on level 14 of the Dungeon)
 24585 | D:15     | Entered Level 15 of the Dungeon
 24848 | D:15     | Noticed Roxanne
 24881 | D:15     | Killed Roxanne
 24881 | D:15     | Reached skill level 17 in Shields
 25060 | D:15     | Noticed Kloppie's ghost (journeyman DrBe)
 25099 | D:15     | Killed Kloppie's ghost
 25435 | D:15     | Received a gift from Okawaru
 25763 | D:15     | Found a staircase to the Depths.
 26430 | Orc:1    | Entered Level 1 of the Orcish Mines
 26463 | Orc:1    | Reached XP level 17. HP: 96/119 MP: 18/18
 26616 | Orc:2    | Entered Level 2 of the Orcish Mines
 27056 | Orc:2    | Found a staircase to the Elven Halls.
 27068 | Orc:1    | Noticed Fannar
 27094 | Orc:1    | Killed Fannar
 28017 | Orc:2    | Found Pusemnig's Food Emporium.
 28017 | Orc:2    | Found Ofynekhle's General Store.
 28027 | Orc:2    | Found Risygyma's Armour Emporium.
 28027 | Orc:2    | Found Qihaga's Food Boutique.
 28037 | Orc:2    | Bought a scroll of identify for 28 gold pieces
 28040 | Orc:2    | Bought the +8 plate armour of Fortification {Stlth+} for 873 gold pieces
 28087 | Orc:2    | Found Oplatzej's Distillery.
 28093 | Orc:2    | Bought a potion of might for 44 gold pieces
 28496 | Spider:1 | Entered Level 1 of the Spider Nest
 28593 | Spider:1 | Received a gift from Okawaru
 28829 | Spider:1 | Reached skill level 18 in Shields
 30529 | Spider:3 | Noticed Aizul
 30548 | Spider:3 | Killed Aizul
 30548 | Spider:3 | Received a gift from Okawaru
 30562 | Spider:3 | Identified a +1 pair of boots of running (Okawaru gifted it to you on level 3 of the Spider Nest)
 30898 | Spider:4 | Entered Level 4 of the Spider Nest
 31151 | Spider:4 | Reached XP level 18. HP: 72/126 MP: 20/20
 31554 | Spider:4 | Reached skill level 19 in Shields
 32234 | Spider:4 | Received a gift from Okawaru
 32264 | Spider:4 | Got a smoking demon blade {god gift}
 32265 | Spider:4 | Identified the +5 demon blade of Iconoclasm {pain, Str+7 Int-5} (Okawaru gifted it to you on level 4 of the Spider Nest)
 32761 | Spider:4 | Got a gossamer rune of Zot
 33147 | Elf:1    | Entered Level 1 of the Elven Halls
 33311 | Elf:1    | Received a gift from Okawaru
 33314 | Elf:1    | Got an ichor-stained long sword {god gift}
 33316 | Elf:1    | Identified the +6 long sword of Propriety {pain, rF++ Int+3} (Okawaru gifted it to you on level 1 of the Elven Halls)
 33588 | Elf:1    | Reached skill level 5 in Dodging
 33757 | Elf:1    | Found a radiant altar of Vehumet.
 33789 | Elf:1    | Got a bone battleaxe
 34018 | Elf:1    | Reached skill level 20 in Shields
 34284 | Elf:1    | Identified the Grimoire of Creative Attacks
 34394 | Elf:2    | Noticed an Ice Fiend
 34567 | Elf:1    | Received a gift from Okawaru
 34570 | Elf:1    | Got a pitted hat {god gift}
 34581 | Elf:1    | Identified the +2 hat of Vigajeiwn {rPois} (Okawaru gifted it to you on level 1 of the Elven Halls)
 34743 | Elf:1    | Reached XP level 19. HP: 93/134 MP: 21/21
 35679 | Elf:2    | Found a runed gate.
 35679 | Elf:2    | Found a runed gate.
 35680 | Elf:2    | Found a runed gate.
 36669 | Elf:3    | Entered Level 3 of the Elven Halls
 36757 | Elf:3    | Noticed a Tzitzimitl
 36767 | Elf:3    | Received a gift from Okawaru
 36772 | Elf:3    | Reached skill level 21 in Shields
 36787 | Elf:3    | Noticed a deep elf blademaster
 37053 | Elf:3    | Noticed a deep elf blademaster
 37069 | Elf:3    | Killed a deep elf blademaster
 37081 | Elf:3    | Killed a deep elf blademaster
 37091 | Elf:3    | HP: 3/135 [deep elf annihilator/iron shot (33)]
 37479 | Elf:2    | Noticed an Ice Fiend
 37479 | Elf:2    | Received a gift from Okawaru
 37778 | Elf:2    | Reached XP level 20. HP: 123/141 MP: 22/22
 38162 | Elf:3    | Killed from afar by a deep elf annihilator

Skill      XL: |  1  2  3  4  5  6  7  8  9 10 11 12 13 14 15 16 17 18 19 |
---------------+----------------------------------------------------------+-----
Fighting       | 3 4 5 6 7 8 9 10 11 12 13 | 13.6
Shields        | 4 5 6 7 8 10 11 13 14 16 17 18 20 21 | 21.6
Long Blades    | 3 4 5 7 8 10 11 13 14 15 16 | 16.8
Short Blades   | 1 2 |  2.7
Armour         | 4 5 6 7 8 9 10 11 12 13 14 | 14.6
Stealth        | 1 2 |  2.6
Dodging        | 1 2 3 4 5 |  5.4
Invocations    | 1 2 3 |  3.4
Evocations     | 1 |  1.0
Maces & Flails | |  0.5

Action                   |  1- 3 |  4- 6 |  7- 9 | 10-12 | 13-15 | 16-18 | 19-21 || total
-------------------------+-------+-------+-------+-------+-------+-------+-------++-------
Melee: Long sword        |   114 |    55 |       |       |       |       |       ||   169
       Short sword       |     9 |    64 |       |       |       |       |       ||    73
       Falchion          |       |       |   285 |   650 |  1165 |  2175 |   586 ||  4861
       Scimitar          |       |       |       |    10 |    42 |       |       ||    52
       Whip              |       |       |       |       |     9 |       |       ||     9
Invok: Heroism           |       |       |     1 |    13 |     9 |    13 |    11 ||    47
Evoke: Wand              |       |       |       |     2 |     1 |     1 |       ||     4
  Use: Scroll            |     7 |     4 |     5 |    12 |    16 |    11 |     3 ||    58
       Potion            |       |       |       |     1 |     1 |     1 |     2 ||     5
  Eat: Chunk             |     2 |     5 |    10 |    18 |    25 |    36 |    10 ||   106
       Pizza             |       |       |       |     2 |     2 |     2 |       ||     6
       Fruit             |       |       |       |       |     4 |     1 |       ||     5
       Royal jelly       |       |       |       |       |     1 |       |       ||     1
       Beef jerky        |       |       |       |       |       |     1 |       ||     1
Armor: Scale mail        |    19 |       |       |       |       |       |       ||    19
       Plate armour      |    45 |    76 |   128 |   131 |   395 |   640 |   204 ||  1619
       Chain mail        |       |       |       |       |    50 |   215 |       ||   265
Dodge: Dodged            |    28 |    23 |    79 |   195 |   306 |   762 |   113 ||  1506
Block: Shield            |    62 |    49 |   162 |   317 |   879 |  2037 |   497 ||  4003
       Rpst.: Long sword |    13 |     2 |       |       |       |       |       ||    15
       Falchion          |       |       |    21 |    50 |    60 |   156 |    26 ||   313
